 Dungeon Crawl Stone Soup version 0.23-a0-54-gae6112e33f (webtiles) character file.

25 RedPan the Sneak (level 3, -1/16 HPs)
             Began as a Vine Stalker Enchanter on Aug 8, 2018.
             Slain by a worker ant (6 damage)
             ... on level 4 of the Dungeon.
             The game lasted 00:03:27 (1556 turns).

RedPan the Sneak (Vine Stalker Enchanter)           Turns: 1556, Time: 00:03:28

Health: -1/16      AC:  2    Str: 10    XL:     3   Next: 4%
Magic:  0/7        EV: 12    Int: 16    God:
Gold:   54         SH:  0    Dex: 14    Spells: 3/6 levels left

rFire    . . .     SeeInvis +   a - +1 dagger
rCold    . . .     Gourm    .   (no shield)
rNeg     . . .     Faith    .   b - +0 robe
rPois    .         Spirit   +   (no helmet)
rElec    .         Reflect  .   (no cloak)
rCorr    .         Harm     .   (no gloves)
MR       .....                  (no boots)
Stlth    +++.......             (no amulet)
HPRegen  0.05/turn              h - ring of see invisible
MPRegen  0.10/turn              (no ring)

@: lethally poisoned (-1 -> -7), very slightly contaminated, invisible
A: fangs 2, magic shield, antimagic bite, no potion heal 3, rot immunity
a: no special abilities


You were on level 4 of the Dungeon.
You were not hungry.

You visited 1 branch of the dungeon, and saw 3 of its levels.

You collected 54 gold pieces.

Inventory:

Hand Weapons
 a - a +1 dagger (weapon)
Armour
 b - a +0 robe (worn)
Jewellery
 h - a ring of see invisible (left hand)
Scrolls
 c - 2 scrolls of identify {unknown}
 e - 2 scrolls of remove curse {unknown}
 f - a scroll of teleportation {unknown}
 g - a scroll of immolation {unknown}
 i - a scroll of enchant armour {unknown}
Comestibles
 d - 3 rations


   Skills:
 + Level 1.4 Short Blades
 - Level 1.5 Dodging
 * Level 4.5 Stealth
 - Level 2.1 Spellcasting
 + Level 3.2 Hexes


You had 3 spell levels left.
You knew the following spells:

 Your Spells              Type           Power        Failure   Level  Hunger
a - Corona                Hex            ##.....      5%          1    #......
b - Ensorcelled Hibernat  Hex/Ice        #.....       16%         2    ###....

Your spell library contained the following spells:

 Spells                   Type           Power        Failure   Level  Hunger
 Confuse                  Hex            ##......     16%         3    ###....
 Tukima's Dance           Hex            ##......     16%         3    ###....
 Dazzling Spray           Conj/Hex       #.....       30%         3    ###....


Dungeon Overview and Level Annotations

Branches:
Dungeon (2/15)

Altars:


Innate Abilities, Weirdness & Mutations

You have extremely sharp teeth.
When hurt, damage is shared between your health and your magic reserves.
Your bite disrupts and absorbs the magic of your enemies.
Potions cannot restore your health.
You are immune to rotting.


Message History

You are poisoned.
The worker ant poisons you!
Casting: Ensorcelled Hibernation (safe; 16% risk of failure)
Confirm with . or Enter, or press ? or * to list all spells.
Aiming: Ensorcelled Hibernation (safe; 16% risk of failure)
Press: ? - help, Shift-Dir - straight line, f/p - worker ant
Aim: a worker ant (chance to defeat MR: 48%)
The worker ant resists with some effort.
You feel sick. The worker ant bites you.
You hit the worker ant but do no damage.
The worker ant bites you.
You hit the worker ant but do no damage.
You bite the worker ant, but do no damage.
You feel sick. The worker ant misses you.
You barely miss the worker ant. Your bite misses the worker ant.
The worker ant misses you.
It was a potion of invisibility.
You fade into invisibility!
The worker ant bites you.
You die...

#.........
#........#
#........#
#........###
#.......(..
#..).....#
#........#
#.....@a.###.
#)...........#
####.#########
##...##
#.....#
#.....#
#.....#
##....##
##....####


You could see a worker ant.

Vanquished Creatures
  A dart slug (D:1)
  4 goblins (D:1)
  3 hobgoblins (D:1)
  2 jackals (D:4)
  4 bats (D:1)
  4 frilled lizards (D:1)
  2 kobolds (D:1)
  A quokka skeleton (D:4)
  2 rats (D:1)
23 creatures vanquished.

Notes
Turn   | Place    | Note
-------+----------+-------------------------------------------
     0 | D:1      | RedPan the Vine Stalker Enchanter began the quest for the Orb.
     0 | D:1      | Reached XP level 1. HP: 9/9 MP: 4/4
    19 | D:1      | Reached skill level 1 in Short Blades
   144 | D:1      | Reached skill level 4 in Stealth
   144 | D:1      | Reached XP level 2. HP: 3/13 MP: 1/6
   736 | D:1      | Learned a level 2 spell: Ensorcelled Hibernation
  1296 | D:2      | You fall through a shaft for 2 floors!
  1333 | D:4      | Reached XP level 3. HP: 9/16 MP: 5/7
  1556 | D:4      | Slain by a worker ant

Vault maps used:
D:1:      mrwooster_arrival_statue_3
D:2:      first_ration
D:4:      minmay_temple_entry_nine_rooms

Skill      XL: |  1 |
---------------+----+-----
Short Blades   | 1 |  1.4
Stealth        | 4 |  4.5
Dodging        | |  1.5
Spellcasting   | |  2.1
Hexes          | |  3.2

Action                   || total
-------------------------++-------
Melee: Dagger            ||    82
       Bite              ||    12
 Cast: Ensorcelled Hiber ||     1
  Use: Potion            ||     1
 Stab: Sleeping          ||     3
  Eat: Chunk             ||     2
Armor: Robe              ||    21
Dodge: Dodged            ||    60

Table legend:
 A = Spawn XP
 B = Non-spawn XP
 C = Spawn XP percentage of total XP
 D = Spawn monster count
 E = Non-spawn monster count
 F = Spawn count percentage of total count
 G = Total turns spent on level
                    A         B        C        D         E        F      G
               +---------+---------+-------+---------+---------+-------+---------
         Total |       0 |      36 |   0.0 |       0 |      23 |   0.0 |  1556
               +---------+---------+-------+---------+---------+-------+---------
           D:1 |       0 |      31 |   0.0 |       0 |      20 |   0.0 |  1212
           D:4 |       0 |       5 |   0.0 |       0 |       3 |   0.0 |   260
               +---------+---------+-------+---------+---------+-------+---------
